 Dungeon Crawl Stone Soup version 0.26-a0-638-gcca6ad1b57 (webtiles) character file.

Game seed: 4733234417406915948

38 DogServant the Vandal (level 3, 0/25 HPs)
             Began as a Halfling Hunter on Sept 14, 2020.
             Slain by a gnoll (2 damage)
             ... on level 1 of the Dungeon.
             The game lasted 00:03:33 (1005 turns).

DogServant the Vandal (Halfling Hunter)             Turns: 1005, Time: 00:03:33

Health: 0/25       AC:  3    Str: 14    XL:     3   Next: 65%
Magic:  3/3        EV: 15    Int:  9    God:
Gold:   46         SH:  0    Dex: 14    Spells: 2/2 levels left

rFire    . . .     SeeInvis .   b - +0 short sword
rCold    . . .     Faith    .   (shield restricted)
rNeg     . . .     Spirit   .   c - +0 leather armour
rPois    .         Reflect  .   (no helmet)
rElec    .         Harm     .   (no cloak)
rCorr    .         Rampage  .   (no gloves)
MR       .....                  (no boots)
Stlth    +.........             (no amulet)
HPRegen  0.08/turn              (no ring)
MPRegen  0.08/turn              (no ring)

@: no status effects
A: small, mutation resistance 1
a: no special abilities


You were on level 1 of the Dungeon.
You visited 1 branch of the dungeon, and saw 2 of its levels.

You collected 46 gold pieces.

Inventory:

Hand Weapons
 a - a +1 hunting sling
 b - a +0 short sword (weapon)
Missiles
 d - 26 sling bullets
 e - 5 silver boomerangs (quivered)
 f - 76 stones
Armour
 c - a +0 leather armour (worn)
Jewellery
 i - a cursed amulet of inaccuracy {unknown}
Scrolls
 g - a scroll of amnesia {unknown}
 j - 2 scrolls of enchant armour {unknown}
 k - a scroll of identify {unknown}
Potions
 h - a potion of flight {unknown}


   Skills:
 + Level 2.3 Fighting
 + Level 6.4 Slings
 + Level 3.0 Dodging
 - Level 1.1 Stealth


You had 2 spell levels left.
You didn't know any spells.
Your spell library was empty.

Dungeon Overview and Level Annotations

Branches:
Dungeon (2/15)

Altars:


Innate Abilities, Weirdness & Mutations

You are small and have problems with some larger weapons.
You are somewhat resistant to further mutation.


Message History

You barely miss the gnoll.
The gnoll is heavily wounded.
The gnoll closely misses you.
You barely miss the gnoll.
The gnoll is heavily wounded.
The gnoll barely misses you.
You hit the gnoll but do no damage.
The gnoll is heavily wounded.
The gnoll closely misses you.
You barely miss the gnoll.
The gnoll is heavily wounded.
The gnoll hits you!
* * * LOW HITPOINT WARNING * * *
You hit the gnoll but do no damage.
The gnoll is heavily wounded.
The gnoll barely misses you.
You hit the gnoll.
The gnoll is almost dead.
The gnoll hits you.
You die...

..##.##.#.####..#.#...........#..
#.##.##...# #................+..
.....###### ##.##.#........###..
...#+##########.............###..
.................................
##....##########.)....#####.###.#
##....# #..##### #.# #)#
##....##########..###### #.# #.#
................@.#....# #.# #.#
##....###########g..#.#####.# #.#
..)...# #..........#.......# #.#
......# #.....#............# #.#
..##### #.....#............# #.#
..# #.....#............###.#
..#########.####................#
.........##.# #............#####
..........#.# #..............#


You could see a gnoll.

Vanquished Creatures
  An adder (D:1)
  An ooze (D:1)
  A dart slug (D:1)
  A leopard gecko (D:1)
  A giant cockroach (D:1)
  5 hobgoblins (D:1)
  2 jackals (D:1)
  2 kobolds
  2 bats (D:1)
  4 goblins (D:1)
20 creatures vanquished.

Notes
Turn   | Place    | Note
-------+----------+-------------------------------------------
     0 | D:1      | DogServant the Halfling Hunter began the quest for the Orb.
     0 | D:1      | Reached XP level 1. HP: 14/14 MP: 1/1
   156 | D:1      | Reached skill level 6 in Slings
   156 | D:1      | Reached XP level 2. HP: 19/19 MP: 2/2
   390 | D:1      | Reached XP level 3. HP: 24/24 MP: 3/3
  1003 | D:1      | HP: 1/25 [gnoll (7)]
  1005 | D:1      | Slain by a gnoll

Illustrated notes

Levels and vault maps discovered:
D:1:      ncdulo_smallfort, layout_basic
D:2:      minmay_angry_zag, layout_loops_ring

Skill      XL: |  1  2  3 |
---------------+----------+-----
Fighting       | 2 |  2.3
Slings         | 6 |  6.4
Dodging        | 3 |  3.0
Stealth        | |  1.1

Action                   || total
-------------------------++-------
Melee: Short sword       ||    47
 Fire: Hunting sling     ||    34
 Stab: Sleeping          ||     2
Armor: Leather armour    ||     7
Dodge: Dodged            ||    53

Table legend: (Time is in decaauts)
 A = Elapsed time spent in this place.
 B = Non-inter-level travel time spent in this place.
 C = Inter-level travel time spent in this place.
 D = Time resting spent in this place.
 E = Time spent auto-exploring this place.
 F = Levels seen in this place.
 G = Mean time per level.
                   A        B        C        D        E       F      G
               +--------+--------+--------+--------+--------+-----+--------+
         Total |   1000 |    988 |     12 |    235 |    523 |   2 |  500.0 |
       Dungeon |   1000 |    988 |     12 |    235 |    523 |   2 |  500.0 |
               +--------+--------+--------+--------+--------+-----+--------+

Top non-repeatable levels by time:
     D:1: 950 daAuts
     D:2: 50 daAuts
